Map: Ever Dream LE

Players

Liquidthermy (uThermal)

  • Race: Terran Terran
  • Spawn Location: 1:00

soO - Winner!

  • Race: Zerg Zerg
  • Spawn Location: 7:00

Event: War Chest Team League

VOD

Have the link to the VOD?

Description

Time

  • Played on: July 24, 2020, 12:25 p.m.
  • Length: 5:46
Show
View Real Time Build Order
Export as new Build Order

Liquidthermy Terran 

Build Orders: Reaper Expand 

Get SALT Encoding   

  12  0:01  SCV  
  13  0:13  SCV  
  14  0:17  Supply Depot  
  14  0:25  SCV  
  15  0:38  SCV  
  15  0:40  Barracks  
  16  0:43  Refinery  
  16  0:51  SCV  
  17  1:03  SCV  
  18  1:15  SCV  
  19  1:27  Reaper  
  19  1:28  Orbital Command  
  20  1:40  Command Center  
  20  1:47  Supply Depot  
  20  1:53  SCV  
  21  1:59  Marine  
  22  2:06  SCV  
  23  2:08  Factory  
  22  2:17  Marine  
  22  2:18  SCV  
  24  2:30  SCV  
  25  2:38  Barracks Reactor  
  25  2:42  SCV  
  26  2:52  Refinery  
  26  2:54  SCV  
  26  2:55  Hellion  
  29  3:01  Orbital Command  
  29  3:06  Starport, SCV  
  30  3:17  Supply Depot  
  30  3:18  SCV  
  31  3:24  Hellion x2  
  35  3:29  SCV  
  35  3:30  SCV  
  37  3:41  SCV  
  38  3:42  SCV  
  38  3:44  Medivac  
  38  3:45  Hellion x2  
  45  3:52  Supply Depot  
  45  3:53  SCV  
  45  3:54  SCV  
  46  3:57  Armory  
  46  4:05  SCV  
  46  4:06  Hellion x2  
  46  4:07  SCV  
  52  4:16  Supply Depot  
  52  4:17  SCV  
  52  4:19  SCV  
  54  4:28  Fusion Core  
  55  4:32  Command Center  
  55  4:34  Hellion  
  55  4:36  Hellion  
  55  4:37  SCV  
  59  4:42  SCV  
  59  4:45  Supply Depot  
  60  4:49  SCV  
  60  4:50  Refinery  
  60  4:51  Refinery  
  61  4:55  Hellion  
  61  4:57  Hellion  
  65  5:02  SCV  
  65  5:05  Starport Tech Lab  
  64  5:10  Marine  
  64  5:11  Bunker, SCV  
  66  5:14  Supply Depot  
  66  5:18  Hellion  
  68  5:22  Supply Depot  
  68  5:26  SCV  
Show
View Real Time Build Order
Export as new Build Order

soO Zerg - Winner!

Build Orders: Pool First 

Get SALT Encoding   

  12  0:00  Drone  
  13  0:12  Overlord  
  13  0:17  Drone  
  14  0:30  Drone  
  14  0:31  Drone  
  16  0:40  Spawning Pool  
  15  0:43  Drone  
  16  0:51  Drone  
  17  1:12  Hatchery  
  17  1:13  Drone  
  17  1:21  Drone  
  18  1:27  Extractor, Zergling x2  
  18  1:28  Zergling x2  
  18  1:31  Queen  
  21  1:40  Overlord  
  21  1:50  Drone  
  22  2:00  Drone  
  23  2:07  Queen  
  25  2:14  Drone  
  26  2:26  Queen  
  26  2:28  Drone  
  26  2:29  Drone  
  30  2:34  Drone  
  30  2:35  Overlord  
  31  2:40  Drone  
  31  2:42  Metabolic Boost  
  32  2:46  Drone  
  32  2:47  Drone  
  32  2:48  Drone  
  32  2:49  Overlord  
  35  2:56  Drone  
  35  3:06  Hatchery  
  35  3:10  Drone x2  
  36  3:15  Drone x2  
  36  3:17  Drone  
  40  3:20  Drone  
  40  3:21  Drone  
  40  3:23  Drone  
  42  3:29  Roach Warren  
  42  3:31  Drone  
  42  3:33  Extractor  
  41  3:35  Drone x2  
  41  3:40  Drone x2  
  44  3:45  Overlord  
  44  3:52  Overlord  
  44  3:55  Overlord  
  44  4:01  Overlord  
  44  4:07  Zergling x4  
  46  4:12  Roach x5  
  56  4:17  Roach  
  56  4:22  Roach  
  59  4:26  Roach x4  
  67  4:39  Queen  
  67  4:43  Drone x2  
  67  4:44  Drone  
  74  4:45  Zergling x4  
  74  4:46  Zergling x2, Spore Crawler  
  74  4:52  Drone x3  
  77  4:53  Drone x2  
  77  4:54  Drone  
  80  5:02  Overlord  
  80  5:03  Overlord  
  80  5:07  Overlord  
  80  5:11  Overlord  
  80  5:15  Overlord  
  80  5:18  Overlord  
  79  5:22  Roach x4  
  79  5:24  Ravager x2  
  91  5:28  Drone x2  
  91  5:29  Drone  
  91  5:32  Drone  
  91  5:33  Drone  
  91  5:34  Drone  
Tags
 
Add a new tag
Caveats
  • Supply blocks, unpowered buildings, or Contaminate may cause inaccurate times.
  • Supply counts are checked every 10 seconds.